Map: Odyssée EC

Players

ArthurDent - Winner!

  • Race: Terran Terran
  • League: Gold
  • Spawn Location: 11:00

zidar

  • Race: Zerg Zerg
  • League: Gold
  • Spawn Location: 5:00

VOD

Have the link to the VOD?

Description

Time

  • Played on: June 24, 2017, 3:27 p.m.
  • Length: 21:46
Show
View Real Time Build Order
Export as new Build Order

ArthurDent Terran - Winner!

Build Orders: Mech 

Get SALT Encoding   

  12  0:01  SCV  
  13  0:16  SCV  
  14  0:24  Supply Depot  
  14  0:28  SCV  
  15  0:47  Barracks  
  15  0:50  Refinery x2  
  15  0:51  SCV  
  16  1:04  SCV  
  17  1:20  SCV  
  18  1:32  SCV  
  19  1:41  Factory  
  19  1:43  Barracks Tech Lab  
  19  1:47  Orbital Command  
  19  2:01  Marine  
  20  2:18  SCV, Supply Depot  
  21  2:31  Supply Depot  
  21  2:37  Factory, Barracks Reactor  
  21  2:38  SCV  
  21  2:40  Infernal Pre-Igniter  
  22  2:50  SCV  
  23  3:06  SCV  
  23  3:07  Armory  
  26  3:13  Hellion  
  26  3:22  Barracks Reactor  
  26  3:31  SCV  
  27  3:36  Command Center  
  27  3:47  Siege Tank  
  30  4:00  Hellion  
  30  4:01  Hellion  
  30  4:02  Marine x2  
  34  4:05  SCV  
  37  4:15  Supply Depot  
  39  4:29  Widow Mine  
  39  4:30  Marine x2  
  45  4:33  Supply Depot  
  45  4:38  Widow Mine x2  
  45  4:43  SCV  
  46  4:48  Orbital Command  
  46  5:12  Orbital Command  
  46  5:24  SCV  
  46  5:26  Marine, Hellbat x2  
  46  5:27  Marine  
  53  5:28  Thor  
  59  5:36  SCV  
  59  5:42  SCV  
  61  5:43  Refinery  
  61  5:44  Refinery  
  61  5:48  SCV  
  62  5:52  Marine x2  
  62  5:55  SCV  
  65  6:00  SCV  
  66  6:07  SCV  
  71  6:11  Hellbat x2  
  71  6:12  Marine x2, SCV  
  71  6:14  Siege Tank  
  77  6:21  Supply Depot  
  77  6:29  Supply Depot  
  77  6:30  Terran Vehicle Weapons Level 1  
  77  6:37  Armory  
  77  6:40  SCV x2  
  77  6:43  Marine x2  
  81  6:51  Barracks  
  81  6:54  SCV x2  
  83  7:06  Marine x2, SCV x2  
  87  7:09  Siege Tank  
  90  7:16  Hellbat x2  
  90  7:18  SCV  
  90  7:20  SCV  
  96  7:29  Marine  
  97  7:39  Terran Vehicle And Ship Armor Level 1  
  97  7:41  Thor  
  103  7:44  Barracks Tech Lab  
  103  7:51  SCV  
  103  7:52  SCV, Starport  
  90  8:18  Marine x2  
  92  8:21  Cyclone x2  
  92  8:24  Thor  
  104  8:33  Starport Reactor  
  104  8:36  Stimpack  
  104  8:44  Command Center  
  104  8:45  Factory, Command Center  
  104  8:47  Factory, SCV x2  
  106  8:54  Supply Depot  
  106  8:55  Supply Depot  
  106  9:00  Terran Vehicle Weapons Level 2  
  106  9:21  Viking x2  
  106  9:22  Marine x3  
  113  9:28  SCV x2  
  115  9:34  Factory Tech Lab  
  115  9:35  Factory Tech Lab  
  115  9:40  SCV x2  
  117  9:52  SCV  
  117  9:56  Marine x3, Engineering Bay  
  117  9:57  Refinery  
  121  10:02  Refinery  
  121  10:28  Planetary Fortress  
  121  10:31  Refinery  
  121  10:32  Refinery  
  121  10:35  Marine x3  
  122  10:37  Hellbat  
  122  10:38  Hellbat, Thor x2  
  140  10:44  Thor  
  146  10:50  Terran Vehicle And Ship Armor Level 2  
  146  10:57  Missile Turret  
  146  11:05  Planetary Fortress  
  146  11:06  Missile Turret  
  146  11:08  Missile Turret  
  146  11:22  SCV  
  147  11:28  SCV  
  147  11:30  SCV  
  149  11:34  SCV  
  149  11:35  Terran Ship Weapons Level 1  
  150  11:40  SCV  
  150  11:42  SCV  
  150  11:43  Siege Tank  
  150  11:44  Siege Tank x2  
  150  11:46  SCV  
  162  11:52  Terran Infantry Weapons Level 1  
  162  11:53  SCV  
  163  11:54  SCV  
  163  11:55  Engineering Bay  
  163  11:57  Missile Turret  
  164  12:11  Supply Depot  
  164  12:12  Supply Depot x2  
  164  12:15  Supply Depot  
  164  12:29  Drilling Claws  
  164  12:33  Hellbat x3, SCV x4  
  164  12:34  Hellbat x2  
  164  12:35  Supply Depot  
  164  12:36  Supply Depot  
  178  12:39  Supply Depot  
  178  12:45  SCV x3, Supply Depot  
  178  12:51  Marine x3  
  182  12:57  SCV  
  182  12:58  SCV  
  186  13:00  Thor x2  
  186  13:03  Hellbat  
  200  13:07  Terran Infantry Armor Level 1  
  200  13:13  Engineering Bay  
  200  14:03  Command Center  
  184  14:14  Command Center  
  121  14:51  Factory  
  109  14:54  Factory  
  109  14:55  Factory x2  
  109  14:57  Factory  
  109  14:58  Factory  
  109  14:59  Thor x2  
  115  15:02  Cyclone x2  
  115  15:05  Terran Infantry Weapons Level 2, Terran Infantry Armor Level 2  
  115  15:06  Neosteel Armor  
  127  15:09  Terran Vehicle And Ship Armor Level 3  
  127  15:10  Armory  
  127  15:21  Planetary Fortress  
  127  15:30  Orbital Command  
  127  15:41  Cyclone x2  
  127  15:42  Factory Tech Lab  
  133  15:43  Factory Tech Lab x2  
  133  15:44  Factory Tech Lab x2  
  133  15:45  Factory Tech Lab  
  133  15:58  Terran Vehicle Weapons Level 3  
  133  16:04  Refinery  
  133  16:05  Refinery, Thor x2  
  133  16:06  Thor x4  
  133  16:10  Thor  
  174  16:48  Thor x2  
  174  16:49  Thor  
  174  16:51  Thor  
  200  16:54  Hellbat  
  165  18:10  Thor  
  165  18:11  Thor  
  187  18:17  Thor  
  187  18:20  Thor  
  163  18:47  Hellion x2  
  161  18:51  Supply Depot x2  
  161  18:54  Supply Depot, Hellion x2  
  165  18:55  Supply Depot  
  165  18:57  Supply Depot  
  165  19:00  Hellion  
  167  19:03  Hellion  
  167  19:08  Hellion  
  171  19:12  Command Center  
  171  19:13  Hellion  
  171  19:15  Supply Depot  
  171  19:17  Supply Depot  
  173  19:19  Hellion x8  
  173  19:43  Thor  
  173  19:44  Thor x3  
  197  19:47  Hellbat  
  159  20:09  Thor x2  
  171  20:26  Thor x2  
  171  20:27  Thor x2  
  165  20:53  Hellbat x2  
  169  20:57  Command Center  
  169  21:10  Hellbat x4  
Show
View Real Time Build Order
Export as new Build Order

zidar Zerg 

Build Orders: Hatch First 

Get SALT Encoding   

  12  0:01  Drone  
  13  0:15  Overlord  
  13  0:17  Drone  
  14  0:33  Drone x2  
  16  0:52  Hatchery  
  16  0:55  Drone  
  16  0:58  Extractor  
  16  1:01  Drone  
  15  1:40  Drone  
  15  1:42  Spawning Pool  
  15  1:50  Overlord  
  16  1:54  Drone x2  
  17  2:21  Drone x2  
  19  2:28  Queen  
  19  2:29  Queen  
  23  2:30  Drone x3  
  26  2:37  Metabolic Boost  
  26  2:44  Extractor  
  25  2:45  Drone  
  25  2:46  Drone  
  25  2:50  Drone  
  28  3:04  Pneumatized Carapace  
  28  3:19  Queen  
  30  3:23  Drone x6  
  36  3:36  Roach Warren  
  36  3:39  Zergling x2  
  36  3:41  Overlord  
  36  4:03  Zergling x6  
  36  4:04  Zergling x2  
  40  4:15  Overlord x2  
  40  4:16  Overlord x3  
  40  4:21  Roach x2  
  44  4:46  Roach x2  
  44  4:47  Roach x6  
  60  5:15  Roach x7  
  60  5:16  Roach  
  76  5:32  Extractor  
  76  5:35  Extractor  
  74  5:40  Ravager x2  
  76  5:47  Overlord x2  
  76  5:48  Overlord x2  
  76  6:05  Drone x2  
  76  6:06  Drone x3  
  76  6:08  Roach  
  76  6:09  Roach x3  
  89  6:12  Ravager  
  89  6:14  Ravager x3  
  89  6:15  Ravager  
  94  6:25  Lair  
  94  6:34  Evolution Chamber  
  94  6:38  Drone x2  
  96  6:40  Evolution Chamber, Drone  
  95  7:12  Drone  
  96  7:29  Overseer  
  96  7:33  Zerg Ground Armor Level 1  
  96  7:34  Zerg Missile Weapons Level 1  
  96  7:40  Roach  
  96  7:41  Roach x5  
  108  7:45  Glial Reconstitution  
  52  8:13  Roach x13  
  78  8:37  Hatchery  
  78  8:41  Roach x4  
  85  8:45  Drone x2  
  85  8:46  Drone  
  88  8:51  Drone x2  
  88  8:54  Overseer  
  90  9:08  Hydralisk Den  
  89  9:12  Roach x4  
  97  9:37  Roach  
  99  9:40  Overlord  
  99  9:41  Overlord x4  
  99  9:53  Zerg Ground Armor Level 2  
  99  10:02  Drone  
  99  10:03  Drone x6  
  99  10:06  Drone  
  99  10:07  Drone  
  108  10:27  Queen  
  110  10:48  Muscular Augments  
  110  10:51  Zerg Missile Weapons Level 2  
  110  11:01  Hydralisk x10  
  130  11:15  Drone x8  
  138  11:26  Extractor x2  
  138  11:31  Roach  
  138  11:32  Roach x4  
  146  11:36  Overlord  
  146  11:37  Overlord x2  
  146  11:49  Overlord x4  
  146  12:18  Hatchery  
  145  12:29  Ravager x2  
  147  12:30  Ravager x3  
  147  12:31  Ravager x2  
  147  12:32  Ravager  
  147  12:35  Roach x15  
  183  12:39  Hydralisk  
  183  12:40  Hydralisk  
  183  12:43  Hydralisk  
  189  12:46  Hydralisk  
  191  13:15  Hydralisk x4  
  199  13:20  Hatchery  
  92  14:52  Roach x21  
  104  14:53  Roach x2  
  104  15:01  Queen  
  104  15:06  Hydralisk x8  
  122  15:23  Zerg Melee Weapons Level 1  
  122  15:24  Infestation Pit  
  121  15:51  Extractor  
  121  15:53  Extractor  
  121  15:55  Hydralisk x10  
  121  15:56  Roach  
  121  15:57  Roach x6  
  153  16:10  Hydralisk x6  
  153  16:11  Hydralisk x3  
  169  16:44  Roach x12, Hydralisk x2  
  197  17:02  Drone  
  198  17:08  Overlord  
  198  17:09  Overlord  
  96  18:52  Roach  
  96  18:53  Roach x20  
  138  19:09  Ravager  
  137  19:17  Roach x8  
  132  19:38  Roach x3  
  132  19:39  Roach x3  
  113  20:07  Roach  
  113  20:08  Roach x5  
  80  20:32  Roach x2  
  80  20:33  Roach x7  
  58  20:45  Roach x3  
  58  21:00  Roach  
  58  21:01  Roach x2  
Tags
 
Composition
Mech
League
GoldGold
Matchup
TvZ
Spawn Locations
Cross Positions
Add a new tag
Caveats
  • Supply blocks, unpowered buildings, or Contaminate may cause inaccurate times.
  • Supply counts are checked every 10 seconds.